 Dungeon Crawl Stone Soup version 0.22.0-75-g3901e79 (webtiles) character file.

25 Starchild the Bolt Thrower (level 3, 0/20 HPs)
             Began as a Kobold Arcane Marksman on Sept 13, 2018.
             Slain by a hobgoblin (4 damage)
             ... on level 1 of the Dungeon.
             The game lasted 00:02:45 (768 turns).

Starchild the Bolt Thrower (Kobold Arcane Marksman)  Turns: 768, Time: 00:02:46

Health: 0/20       AC:  2    Str:  7    XL:     3   Next: 17%
Magic:  4/4        EV: 15    Int: 15    God:
Gold:   18         SH:  0    Dex: 15    Spells: 1/4 levels left

rFire    + . .     SeeInvis .   j - +0 short sword
rCold    . . .     Gourm    .   (shield restricted)
rNeg     . . .     Faith    .   e - +0 robe
rPois    .         Spirit   .   (no helmet)
rElec    .         Reflect  .   (no cloak)
rCorr    .         Harm     .   (no gloves)
MR       .....                  (no boots)
Stlth    +.........             (no amulet)
HPRegen  0.06/turn              h - ring of protection from fire
MPRegen  0.09/turn              (no ring)

@: no status effects
A: small, carnivore
a: no special abilities


You were on level 1 of the Dungeon.
You were not hungry.

You visited 1 branch of the dungeon, and saw 1 of its levels.

You collected 18 gold pieces.

Inventory:

Hand Weapons
 a - a +0 hand crossbow
 g - a +0 club
 j - a +0 short sword (weapon)
Missiles
 c - 16 stones (quivered)
 d - 20 bolts
Armour
 e - a +0 robe (worn)
Jewellery
 h - a ring of protection from fire (left hand)
 m - an uncursed ring of flight {unknown}
Scrolls
 b - a scroll of fear {unknown}
 i - a scroll of teleportation {unknown}
 n - 3 scrolls of identify {unknown}
 o - a scroll of enchant weapon {unknown}
 p - a scroll of remove curse {unknown}
Potions
 k - a potion of degeneration {unknown}
 l - a potion of brilliance {unknown}
Comestibles
 f - 4 rations


   Skills:
 - Level 1.1 Fighting
 + Level 2.6 Short Blades
 - Level 3.2 Crossbows
 - Level 2.4 Dodging
 - Level 1.1 Spellcasting
 - Level 3.0 Hexes


You had one spell level left.
You knew the following spells:

 Your Spells              Type           Power        Failure   Level  Hunger
a - Corona                Hex            #......      7%          1    ##.....
b - Slow                  Hex            #.......     11%         2    ###....

Your spell library contained the following spells:

 Spells                   Type           Power        Failure   Level  Hunger
 Inner Flame              Hex/Fire       #.......     36%         3    ####...
 Portal Projectile        Hex/Tloc       #.....       36%         3    ####...
 Cause Fear               Hex            #.........   56%         4    #####..
 Leda's Liquefaction      Hex/Erth       #.........   78%         4    #####..


Dungeon Overview and Level Annotations

Branches:
Dungeon (1/15)

Altars:


Innate Abilities, Weirdness & Mutations

You are small and have problems with some larger weapons.
You are carnivorous and can eat meat at any time.


Message History

You hit the hobgoblin.
The hobgoblin is moderately wounded.
The hobgoblin misses you.
You completely miss the hobgoblin.
The hobgoblin is moderately wounded.
The hobgoblin hits you.
You hit the hobgoblin but do no damage.
The hobgoblin is moderately wounded.
The hobgoblin misses you.
You hit the hobgoblin but do no damage.
The hobgoblin is moderately wounded.
The hobgoblin hits you.
* * * LOW HITPOINT WARNING * * *
You hit the hobgoblin but do no damage.
The hobgoblin is moderately wounded.
The hobgoblin barely misses you.
You hit the hobgoblin but do no damage.
The hobgoblin is moderately wounded.
The hobgoblin hits you.
You die...

..........#####.........###...
..........#.............# ####
..........#.############## #
..........#.# ............
..........#.# #.........#
..........#.# +.........#
..........'.# #.........#
..........######.........#
..........'..@gg.........#
..........######.........#
########### #.........#
#...(.....# #.$.......#
#.........# #........ #######


You could see a hobgoblin and a goblin.

Vanquished Creatures
  An ooze (D:1)
  A dart slug (D:1)
  2 giant cockroaches (D:1)
  2 goblins (D:1)
  3 hobgoblins (D:1)
  3 kobolds (D:1)
  3 bats (D:1)
  A frilled lizard (D:1)
  2 rats (D:1)
18 creatures vanquished.

Notes
Turn   | Place    | Note
-------+----------+-------------------------------------------
     0 | D:1      | Starchild the Kobold Arcane Marksman began the quest for
                  | the Orb.
     0 | D:1      | Reached XP level 1. HP: 12/12 MP: 2/2
    96 | D:1      | Reached XP level 2. HP: 11/16 MP: 3/3
   165 | D:1      | Reached skill level 1 in Short Blades
   674 | D:1      | Reached XP level 3. HP: 18/20 MP: 4/4
   687 | D:1      | Learned a level 2 spell: Slow
   768 | D:1      | Slain by a hobgoblin

Skill      XL: |  1  2 |
---------------+-------+-----
Crossbows      | 3 |  3.2
Short Blades   | 2 |  2.6
Fighting       | |  1.1
Dodging        | |  2.4
Spellcasting   | |  1.1
Hexes          | |  3.0

Action                   || total
-------------------------++-------
Melee: Short sword       ||    65
 Fire: Hand crossbow     ||    11
  Eat: Chunk             ||     1
Armor: Robe              ||    12
Dodge: Dodged            ||    55
